 Dungeon Crawl Stone Soup version 0.31-a0-321-g19405a7a6a (webtiles) character file.

Game seed: 7352499155109189862

27 Dittersdorf the Trooper (level 3, -2/24 HPs)
             Began as a Gargoyle Fighter on July 17, 2023.
             Slain by Natasha (7 damage)
             ... on level 2 of the Dungeon.
             The game lasted 00:00:43 (812 turns).

Dittersdorf the Trooper (Gargoyle Fighter)           Turns: 812, Time: 00:00:44

Health: -2/24      AC: 10    Str: 21    XL:     3   Next: 10%
Magic:  3/3        EV:  9    Int:  8    God:
Gold:   61         SH:  4    Dex:  9    Spells: 2/2 levels left

rFire   . . .        a - +0 flail
rCold   . . .        c - +0 buckler
rNeg    + . .        b - +0 scale mail
rPois   ∞            (no helmet)
rElec   +            (no cloak)
rCorr   .            (no gloves)
SInv    .            (no boots)
Will    .....        (no amulet) Stlth
                     (no ring)
HPRegen 0.24/turn    (no ring)
MPRegen 0.08/turn

%: no passive effects
@: no status effects
A: sickness immunity, AC +3, negative energy resistance 1, electricity
resistance, torment resistance 1, petrification resistance
a: no special abilities


You were on level 2 of the Dungeon.
You visited 1 branch of the dungeon, and saw 2 of its levels.

You collected 61 gold pieces.

Inventory:

Hand Weapons
 a - a +0 flail (weapon)
Missiles
 h - 3 poisoned darts
Armour
 b - a +0 scale mail (worn)
 c - a +0 buckler (worn)
 e - a +0 plate armour
Scrolls
 f - a scroll of noise {unknown}
 g - 2 scrolls of fog {unknown}
 i - a scroll of enchant weapon {unknown}
 j - a scroll of teleportation {unknown}
 k - a scroll of silence {unknown}
 l - a scroll of vulnerability {unknown}
Potions
 d - a potion of might


   Skills:
 + Level 3.6 Fighting
 + Level 2.4 Maces & Flails
 + Level 3.6 Armour
 + Level 3.6 Shields


You had 2 spell levels left.
You didn't know any spells.
Your spell library was empty.

Dungeon Overview and Level Annotations

Branches:
Dungeon (2/15)

Altars:

Annotations:
D:2 Jessica, Natasha


Innate Abilities, Weirdness & Mutations

You are immune to sickness and miasma.
Your stone body is resilient. (AC +3)
You are immune to poison.
You resist negative energy. (rN+)
You are resistant to electric shocks. (rElec)
You are resistant to unholy torment.
You are immune to petrification.


Message History

Jessica casts a spell at you. You resist with some effort.
The rat barely misses you.
You hit the cerulean imp.
The cerulean imp is moderately wounded.
Natasha barely misses you.
The cerulean imp hits you but does no damage.
Jessica gestures wildly.
The rat bites you but does no damage.
You barely miss the cerulean imp.
The cerulean imp is moderately wounded.
Natasha claws you!
Jessica casts a spell.
Jessica blinks!
The cerulean imp hits you with a +0 spear.
You are too injured to fight recklessly!
You are too injured to fight recklessly!
You are too injured to fight recklessly!
You are too injured to fight recklessly!
You are too injured to fight recklessly!
You are too injured to fight recklessly!
You are too injured to fight recklessly!
You are too injured to fight recklessly!
You are too injured to fight recklessly!
You are too injured to fight recklessly!
You are too injured to fight recklessly!
You are too injured to fight recklessly!
You are too injured to fight recklessly!
You are too injured to fight recklessly!
You are too injured to fight recklessly!
You are too injured to fight recklessly!
You are too injured to fight recklessly!
You are too injured to fight recklessly!
The ball python attacks as you move away!
You block the ball python's attack. The rat attacks as you move away!
The rat closely misses you. Natasha attacks as you move away!
Natasha claws you!
* * * LOW HITPOINT WARNING * * *
The cerulean imp hits you but does no damage.
Natasha claws you!
You die...

..$....... ...
........... .... #.
#.............##..# #.#
.. ...........#...## #.#
.# .............#...
#.##.##..........g...#..
#.#............r.)......
#..... #...S5h.......
#...# ...#..@r.......
##.<.# #...........
#..#####. #..........#
.........#####..........#
..#########............##
..#.........##..........#
....##########..........#
..### #.......... ..#
#.........


You could see Natasha, a cerulean imp (summoned), a hobgoblin, a ball python and
2 rats.

Vanquished Creatures
  An adder (D:2)
  A worm (D:2)
  A ball python (D:1)
  3 endoplasms
  4 goblins
  A hobgoblin (D:1)
  A bat (D:2)
12 creatures vanquished.

Notes
Turn   | Place    | Note
-------+----------+-------------------------------------------
     0 | D:1      | Dittersdorf the Gargoyle Fighter began the quest for the
                  | Orb.
     0 | D:1      | Reached XP level 1. HP: 14/14 MP: 1/1
   225 | D:1      | Found a faded altar of an unknown god.
   243 | D:1      | Reached XP level 2. HP: 19/19 MP: 2/2
   759 | D:2      | Reached XP level 3. HP: 17/23 MP: 3/3
   806 | D:2      | Noticed Natasha
   807 | D:2      | Noticed Jessica
   812 | D:2      | Slain by Natasha

Illustrated notes

Levels and vault maps discovered:
D:1:      ncdulo_watergridlock, layout_basic, basic_ecumenical_altar
D:2:      layout_rooms, serial_shops, shop, uniq_natasha, uniq_jessica

Action                     || total
---------------------------++-------
  Melee: Flail             ||    31
 Armour: Scale mail        ||    14
  Dodge: Dodged            ||    12
  Block: Buckler           ||     7

Table legend: (Time is in decaauts)
 A = Elapsed time spent in this place.
 B = Non-inter-level travel time spent in this place.
 C = Inter-level travel time spent in this place.
 D = Time resting spent in this place.
 E = Time spent auto-exploring this place.
 F = Levels seen in this place.
 G = Mean time per level.
                   A        B        C        D        E       F      G
               +--------+--------+--------+--------+--------+-----+--------+
         Total |    822 |    803 |     19 |     36 |    653 |   2 |  411.0 |
       Dungeon |    822 |    803 |     19 |     36 |    653 |   2 |  411.0 |
               +--------+--------+--------+--------+--------+-----+--------+

Top non-repeatable levels by time:
     D:1: 752 daAuts
     D:2: 70 daAuts
